Tangles, neutral male gnomish Caveman ----- .%.| ---------..-- ----- |.......|`.a-- --..... |.......|.%A.---....... |...G@.A%....@-@%@[.... @ |.......|@..4---.%...... |.......|...-- --....... ---------..-- ---|--- ...| |)..------- ----- |...%.....| -------..)- |..).- ---.. . Tangles the Roamer Experience level: 18 Strength: 18/50 Dexterity: 18 Constitution: 18 Intelligence: 17 Wisdom: 19 Charisma: 10 Health: 276(311) Energy: 58(87) Def: 40 Gold: 0 Moves: 37284 Dungeon seed: wLhoyOhtOMVI4l1j Game ID: Tangles_1527677559 Your Inventory: Amulets s - an uncursed amulet of ESP (being worn) Weapons i - the blessed rustproof +7 Sceptre of Might (weapon in hand) z - 3 blessed rustproof +7 spears (in quiver) Armor e - a blessed greased +5 silver dragon scale mail (being worn) q - an uncursed greased very rusty +5 helm of brilliance (being worn) r - a blessed fireproof +5 pair of speed boots (being worn) H - an uncursed thoroughly burnt +1 pair of leather gloves (being worn) Y - a blessed very burnt +4 oilskin cloak (being worn) Spellbooks L - the uncursed Book of the Dead Rings m - an uncursed ring of free action (on left hand) v - an uncursed ring of levitation S - an uncursed ring of conflict Wands b - a wand of teleportation (0:4) f - a blessed wand of digging (0:4) g - a cursed wand of sleep (0:1) j - a wand of teleportation (0:2) p - a wand of sleep (0:3) x - a wand of teleportation (0:1) C - a wand of teleportation (0:6) D - a wand of digging (0:6) G - a wand of undead turning (0:8) R - a wand of cancellation (0:5) W - a wand of death (1:2) Tools a - a cursed magic whistle c - an uncursed stethoscope d - a +0 unicorn horn h - a frost horn (0:0) l - a cursed skeleton key n - an uncursed towel o - the Bell of Opening (0:2) F - a blessed greased bag of holding N - the cursed Candelabrum of Invocation (7 candles attached) (0:297) P - an uncursed oil lamp (lit) (0:114) Q - a magic marker (1:37) Gems M - a blessed luckstone Contents of the bag of holding: an uncursed amulet of life saving the rustproof +3 Frost Brand the rustproof +0 Giantslayer the blessed +1 Sunsword 3 blessed rustproof +7 spears an uncursed rotted +0 pair of jumping boots an uncursed +0 pair of water walking boots 11 uncursed K-rations an uncursed apple an uncursed banana an uncursed clove of garlic an uncursed cram ration an uncursed cream pie 8 uncursed eggs 5 uncursed food rations 6 uncursed fortune cookies 4 uncursed lembas wafers an uncursed orange 3 uncursed pancakes an uncursed slime mold an uncursed tin of soldier ant meat 2 uncursed tripe rations 7 blessed scrolls of blank paper 14 uncursed scrolls of blank paper a cursed scroll of charging 3 uncursed scrolls of earth a blessed scroll of enchant weapon an uncursed scroll of enchant weapon 3 uncursed scrolls of identify a cursed scroll of identify a blessed scroll of remove curse an uncursed scroll of scare monster an uncursed scroll of scare monster an uncursed scroll of taming a blessed potion of booze 2 uncursed potions of extra healing 2 cursed potions of extra healing an uncursed potion of gain energy a blessed potion of gain level 4 uncursed potions of gain level an uncursed potion of healing 6 potions of holy water a blessed potion of object detection 6 uncursed potions of object detection a cursed potion of polymorph 4 uncursed potions of speed 3 potions of unholy water an uncursed potion of water an uncursed +5 ring of gain strength a cursed ring of invisibility a cursed ring of invisibility a cursed ring of invisibility an uncursed ring of poison resistance an uncursed ring of poison resistance a cursed ring of polymorph a cursed ring of polymorph a cursed ring of polymorph a cursed ring of regeneration an uncursed ring of shock resistance a wand of cold (0:8) a wand of cold (0:5) a wand of cold (0:3) a cursed wand of cold (0:0) a cursed wand of death (0:0) a wand of digging (0:7) a wand of digging (0:7) a wand of digging (0:5) a wand of digging (0:5) a wand of digging (0:4) a wand of digging (0:4) a wand of fire (0:8) a wand of fire (0:5) a cursed wand of fire (0:1) a blessed wand of light (0:15) a blessed wand of light (0:10) a wand of lightning (0:7) a wand of lightning (0:4) a wand of magic missile (0:6) a wand of magic missile (0:3) a wand of polymorph (0:7) a wand of polymorph (0:4) a wand of secret door detection (0:14) a wand of secret door detection (0:12) a wand of sleep (0:8) a wand of sleep (0:4) a wand of sleep (0:2) a wand of sleep (0:1) a blessed wand of slow monster (0:7) a wand of slow monster (0:7) a rustproof wand of speed monster (0:7) a wand of speed monster (0:5) a cursed wand of speed monster (0:5) a wand of speed monster (0:3) a cursed wand of teleportation (0:8) a wand of undead turning (0:8) a wand of undead turning (0:6) a wand of undead turning (0:4) a wand of wishing (0:1) a wand of wishing (1:1) a can of grease (0:15) a fire horn (0:4) a magic marker (0:89) an uncursed oil lamp (0:1139) Spells and supernatural/magical abilities: Name Level Category Fail Memory a - force bolt 1 attack 52% 65% c - cause fear 3* enchantment 91% 0% f - fireball 4* attack 100% 0% i - invisibility 4* escape 100% 0% k - knock 1 matter 52% 39% l - light 1 divination 52% 18% m - magic missile 2 attack 52% 34% n - detect monsters 1 divination 52% 39% p - protection 1 clerical 52% 39% w - wizard lock 2 matter 52% 29% x - extra healing 3* healing 91% 0% z - sleep 1 enchantment 52% 50% B - cure blindness 2 healing 52% 65% G - detect treasure 4* divination 100% 0% S - stone to flesh 3 healing 91% 65% V - teleportitis -- ability ? -- W - pray for help -- divine ? -- Your skills at the end: Fighting Skills bare handed combat [Basic] Weapon Skills long sword [Basic] club [Skilled] mace [Skilled] sling [Basic] Spellcasting Skills Final Attributes: You were piously aligned. You were fire resistant. You were cold resistant. You were sleep resistant. You were disintegration-resistant. You were poison resistant. You were magic-protected. You saw invisible. You were telepathic. You were warned. You had infravision. You were invisible to others. You could teleport. You had teleport control. You were levitating, at will. You were protected. You were very fast. You had reflection. You had free action. You were very lucky. You had extra luck. Good luck did not time out for you. You survived. Vanquished creatures: Asmodeus Baalzebub Orcus Yeenoghu Juiblex The Wizard of Yendor (5 times) Pestilence 3 arch-liches a high priest Medusa 7 krakens an iron golem 6 master liches 4 storm giants 2 titans a glass golem 3 balrogs The Chromatic Dragon 3 purple worms a gray dragon a silver dragon 4 red dragons 5 white dragons an orange dragon 4 black dragons 2 blue dragons 2 green dragons 4 yellow dragons 16 minotaurs 2 jabberwocks 4 baluchitheria 3 Angels 3 demiliches Vlad the Impaler 9 stone golems 2 master mind flayers 2 Olog-hai 3 Nazgul 6 pit fiends 2 sandestins a hell hound 7 titanotheres 5 trappers a baby red dragon a baby white dragon a baby black dragon a guardian naga 3 disenchanters 22 vampire lords 2 shades 3 skeletons 13 aligned priests a captain 8 liches 2 clay golems 8 nurses 2 ice devils 7 nalfeshnees 4 lurkers above an Aleax 5 frost giants 3 ettins 3 golden nagas a black pudding 32 vampires 30 ghosts 3 lieutenants a knight a priestess 2 queen bees 4 winged gargoyles 4 mind flayers 7 giant mimics 4 zruties 7 fire giants 3 ogre kings an ice troll 4 rock trolls an umber hulk 7 flesh golems 6 Elvenkings 2 doppelgangers 11 hezrous 10 bone devils 4 large mimics 3 wumpuses a fire vortex 2 baby purple worms 4 long worms 13 couatls 8 stalkers 2 air elementals a fire elemental 2 earth elementals a water elemental 23 hill giants a giant mummy 3 black nagas 5 xorns 21 giant zombies 8 elf-lords 4 sergeants 2 barbed devils 8 vrocks 3 salamanders 9 wargs 4 winter wolves 4 hell hound pups 19 small mimics 3 steam vortices 9 xans 4 ettin mummies 6 ogre lords 6 quantum mechanics 8 trolls 2 wood golems 3 erinyes 7 mariliths a djinni a shark 3 electric eels 8 gelatinous cubes 5 pyrolisks 3 freezing spheres 4 flaming spheres 7 shocking spheres a large cat 4 tigers 6 gargoyles 5 tengu 7 ochre jellies 2 leocrottas 3 energy vortices 7 stone giants an elf mummy 4 human mummies 5 red nagas 3 green slimes 3 pit vipers 3 pythons 4 cobras 59 wraiths 8 carnivorous apes 10 ettin zombies 3 leather golems 13 Grey-elves 49 soldiers 4 horned devils 10 succubi 2 incubi 5 chameleons 4 crocodiles 8 giant beetles 3 quivering blobs 9 cockatrices 7 wolves 11 winter wolf cubs 2 lynxes 2 panthers 7 gremlins a spotted jelly 88 leprechauns an orc-captain 2 iron piercers 3 mumakil 9 giant spiders 6 scorpions a horse an ice vortex 4 black lights 8 vampire bats 2 forest centaurs a gnome king 2 orc mummies 3 dwarf mummies 11 ogres 6 brown puddings 9 rust monsters 5 owlbears 4 yetis a gold golem 8 Green-elves 2 piranhas 7 giant eels 12 lizards 4 neanderthals 5 chickatrices 3 dingos 2 housecats 2 jaguars 7 blue jellies 2 white unicorns 4 black unicorns 2 dust vortices 5 ravens a gnome mummy a snake 10 apes 19 human zombies 3 rope golems 5 soldier ants 4 fire ants 72 bugbears 7 imps 3 lemures 6 quasits a wood nymph 6 water nymphs 5 mountain nymphs 11 Mordor orcs 14 Uruk-hai 3 orc shamans 6 rock piercers 4 rock moles 2 ponies 2 fog clouds 8 yellow lights 8 shriekers 2 violet fungi a gnomish wizard 4 kobold mummies 4 gray oozes 2 barrow wights 16 elf zombies 12 ghouls 3 straw golems 2 paper golems a jellyfish a baby crocodile 8 giant ants a little dog 5 floating eyes 5 kittens 2 dwarves 4 homunculi 4 kobold lords 3 kobold shamans 27 hill orcs 8 rothes 4 rabid rats 5 centipedes 10 giant bats 4 monkeys 17 orc zombies 16 dwarf zombies a wererat 17 iguanas 58 killer bees an acid blob a coyote 5 gas spores 14 hobbits 10 manes 4 large kobolds 9 hobgoblins 13 giant rats 4 cave spiders 4 brown molds 4 yellow molds 5 green molds 5 red molds 10 gnomes 23 gnome zombies 16 geckos 9 jackals 4 foxes 8 kobolds 5 goblins 19 sewer rats 24 grid bugs 8 bats 12 lichens 10 kobold zombies 12 newts 1795 creatures vanquished. Genocided or extinct species: erinyes (extinct) 1 species extinct. Voluntary challenges: You had been an atheist until turn 1874. You used a wielded weapon 4034 times, starting on turn 186. You read items or engraved 180 times, starting on turn 6794. You never genocided any monsters. You never polymorphed an object. You changed form 1 time, starting on turn 24236. You used 6 wishes, starting on turn 14297. You did not wish for any artifacts. You split 5 puddings, starting on turn 15642. You never wrote Elbereth's name. You violated your moral code, losing 105 points of alignment, starting on turn 7720. Dungeon overview: The Dungeons of Doom: levels 1 to 28 Level 1 a fountain stairs to The Elemental Planes Level 2 a general store stairs to The Gnomish Mines Level 3 an armor shop Level 4 an armor shop Level 5 some fountains Level 6 Level 7 Level 8 many fountains Level 9 (v,stash_) an altar to Anu, a fountain, a sink stairs to Sokoban Level 10 (v) an altar to Anshar Level 11 Level 12 Level 13 an altar to Ishtar, a fountain Level 14 (lep hall) Level 15 (stash _) an altar to Ishtar portal to The Quest Level 16 Level 17 a fountain Level 18 a fountain Level 19 a fountain Level 20 (lep hall) a fountain Level 21 ( ) a fountain Level 22 Level 23 a fountain Level 24 Level 25 Level 26 a fountain Level 27 a temple to Anshar, some fountains Level 28 Gehennom: levels 29 to 50 Level 29 a temple to Moloch stairs to The Dungeons of Doom Level 30 Level 31 Level 32 some fountains Level 33 Level 34 Level 35 Level 36 Level 37 (balz) Level 38 Level 39 Level 40 stairs to Vlad's Tower Level 41 (orcus) some shops, an altar to Moloch Level 42 Level 43 Level 44 Level 45 Level 46 portal to Gehennom Level 47 portal to Gehennom Level 48 Level 49 Level 50 The Gnomish Mines: levels 3 to 10 Level 3 stairs to The Dungeons of Doom Level 4 Level 5 many shops, a temple to Ishtar, some fountains Level 6 Level 7 Level 8 Level 9 Level 10 a fountain The Quest: levels 1 to 5 Level 1 a temple to Ishtar portal to The Dungeons of Doom Level 2 Level 3 Level 4 Level 5 Sokoban: levels 5 to 8 Level 5 Level 6 Level 7 Level 8 stairs to The Dungeons of Doom Vlad's Tower: levels 37 to 39 Level 37 Level 38 Level 39 stairs to Gehennom The Elemental Planes: Astral Plane <- You were here a high altar Plane 4 portal to The Elemental Planes Plane 3 portal to The Elemental Planes Plane 2 portal to The Elemental Planes Plane 1 portal to The Elemental Planes History has recorded: On T:1 you entered the Dungeons of Doom to retrieve the Amulet of Yendor! On T:41 you reached level 2 of The Dungeons of Doom. On T:572 you advanced to experience level 2. On T:988 you reached level 3 of The Dungeons of Doom. On T:1064 you advanced to experience level 3. On T:1174 you reached level 1 of The Gnomish Mines. On T:1562 you reached level 2 of The Gnomish Mines. On T:1731 you advanced to experience level 4. On T:2154 you reached level 3 of The Gnomish Mines. On T:2489 you advanced to experience level 5. On T:3236 you reached level 4 of The Gnomish Mines. On T:3678 you received Giantslayer from Ishtar. On T:4561 you advanced to experience level 6. On T:6704 you advanced to experience level 7. On T:6831 you reached level 5 of The Gnomish Mines. On T:7107 you reached level 6 of The Gnomish Mines. On T:8014 you reached level 7 of The Gnomish Mines. On T:8347 you reached level 8 of The Gnomish Mines. On T:8509 you advanced to experience level 8. On T:10602 you reached level 4 of The Dungeons of Doom. On T:10900 you reached level 5 of The Dungeons of Doom. On T:10922 you reached level 6 of The Dungeons of Doom. On T:11112 you reached level 7 of The Dungeons of Doom. On T:11352 you reached level 8 of The Dungeons of Doom. On T:11644 you advanced to experience level 9. On T:12040 you reached level 9 of The Dungeons of Doom. On T:12080 you reached level 10 of The Dungeons of Doom. On T:12114 you reached level 4 of Sokoban. On T:12211 you advanced to experience level 10. On T:12375 you reached level 3 of Sokoban. On T:13077 you reached level 2 of Sokoban. On T:13427 you reached level 1 of Sokoban. On T:14297 you wished for "blessed greased fixed +5 silver dragon scale mail". On T:14742 you advanced to experience level 11. On T:14800 you reached level 11 of The Dungeons of Doom. On T:15120 you reached level 12 of The Dungeons of Doom. On T:15776 you reached level 13 of The Dungeons of Doom. On T:15939 you reached level 14 of The Dungeons of Doom. On T:16545 you reached level 15 of The Dungeons of Doom. On T:16615 you reached level 16 of The Dungeons of Doom. On T:16664 you reached level 1 of The Quest. On T:17306 you reached level 17 of The Dungeons of Doom. On T:17793 you reached level 18 of The Dungeons of Doom. On T:17940 you reached level 19 of The Dungeons of Doom. On T:18198 you reached level 20 of The Dungeons of Doom. On T:18341 you reached level 21 of The Dungeons of Doom. On T:19290 you advanced to experience level 12. On T:20020 you received advice from The Oracle. On T:20385 you received Frost Brand from Ishtar. On T:21633 you reached level 22 of The Dungeons of Doom. On T:22756 you reached level 23 of The Dungeons of Doom. On T:22984 you reached level 24 of The Dungeons of Doom. On T:23123 you advanced to experience level 13. On T:23623 you advanced to experience level 14. On T:23636 you embarked upon an epic quest. On T:23720 you reached level 2 of The Quest. On T:24002 you reached level 3 of The Quest. On T:24383 you reached level 4 of The Quest. On T:24674 you reached level 5 of The Quest. On T:25326 you completed the quest! On T:26956 you killed Medusa on level 24 of The Dungeons of Doom. On T:26975 you reached level 25 of The Dungeons of Doom. On T:27774 you reached level 26 of The Dungeons of Doom. On T:28142 you reached level 27 of The Dungeons of Doom. On T:28363 you reached The Castle. On T:28743 you wished for "2 blessed scrolls of charging". On T:29110 you wished for "blessed fireproof +5 speed boots". On T:29121 you wished for "uncursed magic marker". On T:29221 you wished for "uncursed magic marker". On T:29226 you wished for "uncursed magic marker". On T:29654 you reached The Valley of the Dead. On T:29836 you killed Juiblex in The Valley of the Dead. On T:30081 you advanced to experience level 15. On T:30369 you reached level 2 of Gehennom. On T:30375 you reached level 3 of Gehennom. On T:30397 you reached level 4 of Gehennom. On T:30411 you reached level 5 of Gehennom. On T:30431 you reached level 6 of Gehennom. On T:30471 you reached level 7 of Gehennom. On T:30512 you reached level 8 of Gehennom. On T:30631 you reached level 9 of Gehennom. On T:30677 you reached level 10 of Gehennom. On T:30693 you reached level 11 of Gehennom. On T:30703 you reached level 12 of Gehennom. On T:30705 you reached level 13 of Gehennom. On T:30760 you reached level 3 of Vlad's Tower. On T:30822 you reached level 2 of Vlad's Tower. On T:30898 you reached level 1 of Vlad's Tower. On T:30980 you killed Vlad the Impaler on level 1 of Vlad's Tower. On T:31096 you reached level 14 of Gehennom. On T:31120 you reached level 15 of Gehennom. On T:31318 you reached level 21 of Gehennom. On T:31767 you reached level 20 of Gehennom. On T:31822 you reached level 19 of Gehennom. On T:31878 you reached level 18 of Gehennom. On T:32089 you reached level 17 of Gehennom. On T:32317 you reached level 16 of Gehennom. On T:32639 you killed Wizard of Yendor on level 16 of Gehennom. On T:32934 you performed the invocation. On T:32935 you reached level 22 of Gehennom. On T:33021 you advanced to experience level 16. On T:33183 you killed high priestess of Moloch on level 22 of Gehennom. On T:33196 you gained the Amulet of Yendor! On T:33199 you lost the Amulet of Yendor. On T:33200 you gained the Amulet of Yendor! On T:33905 you killed Orcus on level 13 of Gehennom. On T:33986 you killed Yeenoghu on level 13 of Gehennom. On T:34402 you killed Baalzebub on level 10 of Gehennom. On T:34968 you advanced to experience level 17. On T:35881 you advanced to experience level 18. On T:35923 you killed Wizard of Yendor on level 3 of Gehennom. On T:36049 you killed Asmodeus on level 3 of Gehennom. On T:36373 you killed Wizard of Yendor on level 2 of Gehennom. On T:36943 you killed Wizard of Yendor on level 9 of The Dungeons of Doom. On T:37093 you reached the Plane of Earth. On T:37095 you killed Wizard of Yendor on the Plane of Earth. On T:37152 you reached the Plane of Air. On T:37189 you reached the Plane of Fire. On T:37216 you reached the Plane of Water. On T:37251 you reached the Astral Plane. On T:37258 you killed Pestilence on the Astral Plane. On T:37284 you lost the Amulet of Yendor. On T:37284 you offered the Amulet of Yendor to Ishtar and ascended to the status of Demigod! Score breakdown: Gold: 0 ( 0 points) Experience: 18 levels (22969 points) Exploration: 50 levels (100.00%) (30000 points) Discoveries: 113 items ( 37.79%) (18442 points) Valuables value: 300 ( 8431 points) Artifact value: 22500 (14804 points) Variety of kills: 274 monsters ( 71.92%) (25440 points) Turncount: 37284 turns (-4322 points) Survival: ascended (score multiplied by 200%) Total score: 231528 Latest messages: Boing! (2x) The Angel of Anshar swings his long sword at the fire ant. The Angel of Anshar hits the fire ant. The Angel of Anshar swings his long sword at the fire ant. The Angel of Anshar hits the fire ant. The fire ant is killed! The soldier ant is killed! The Angel of Anu zaps a wand of striking! Boing! (2x) You take off your ring called conflict. The Angel of Anu zaps a wand of striking! Boing! (2x) A mysterious force prevents you from teleporting! There is an altar to Ishtar (neutral) here. You offer the Amulet of Yendor to Ishtar... An invisible choir sings, and you are bathed in radiance... The voice of Ishtar booms: "Congratulations, mortal!" "In return for thy service, I grant thee the gift of Immortality!" You ascend to the status of Demigod... Final status: Goodbye Tangles the Demigod, ascended... You went to your reward with 231528 points, The Sceptre of Might (worth 2500 zorkmids) The Bell of Opening (worth 5000 zorkmids) Sunsword (worth 1500 zorkmids) Giantslayer (worth 200 zorkmids) Frost Brand (worth 3000 zorkmids) The Book of the Dead (worth 10000 zorkmids) The Candelabrum of Invocation (worth 5000 zorkmids) 1 amulet of ESP (worth 150 zorkmids), 1 amulet of life saving (worth 150 zorkmids), and 0 pieces of gold, after 37284 moves. You were level 18 with a maximum of 311 hit points when you ascended.